cohdb
Replays
Latest Replays
All Replays
Popular Replays
Top Player Replays
Match Explorer
How It Works
Community
CoH3 Stats
Reddit
Sign in to upload your games and track your stats! →
Sign in with Steam
Maddle,only thing u can do is typing keyboard like a loser
Match 20302894
Overview
Messages
Build Orders
End
Royal Engineer Section
Construct Section Command Post
Dingo Light Scout Car
Infantry Section
Infantry Section
Construct Platoon Command Post
Infantry Section
Unlock M3 Stuart Light Tanks
M3 Stuart Light Tank
M3 Stuart Light Tank
Selects Air and Sea Battlegroup
Selects Air and Sea Battlegroup
Selects Naval Blockade
Vickers Machine Gun Team
Selects Centaur Medium Tank
Construct Company Command Post
6-pounder Anti-tank Gun Team
Foot Guards Section
Matilda II Heavy Tank
Selects Naval Bombardment
Construct Field Infirmary
Foot Guards Section
Selects Commando Section Paradrop
Selects Commando LMG Section Paradrop
流星蝴蝶逼
𝓂𝒶𝒹𝒹𝒾𝑒
0
0
Comments
sign in to comment!
No comments posted yet!